AoeStats
← Nicki D

Enclosed

506029333Analyzed
1v1 RM · 20d ago on Sep 12, 2026· 26m 42s· 2 players
Game mode
Random Map
Map size
Tiny (2 player)
Population
200
Speed
Normal
Resources
Standard
Victory
Conquest
Starting age
Dark Age
Ending age
Imperial Age
RankedLock teamsTeams togetherTeam positionsShared explorationLock speedFull tech treeHidden civsTurbo modeCheats
Victory
Defeat
🇵🇪 Spanish · Peru
1042
+15
🇨🇦 Magyars · Canada
1021
-15
Nicki D
7:59 Loom
11:04 Feudal Age
14:05 Double-Bit Axe
19:08 Castle Age
19:04 Gold Mining
20:00 Town Watch
20:52 Scale Barding Armor
23:41 Bloodlines
23:32 Husbandry
Mauricio 1783
12:29 Feudal Age
10:45 Loom
18:40 Castle Age
18:22 Double-Bit Axe
22:21 Pikeman
23:51 Fletching
Connection lost

Rejoining the realm…

Still unreachable

The connection could not be restored.

Session expired

The server has moved on; the page needs a fresh start.